PBL
MIAMI MARLINS @ CHICAGO WHITE SOX
06/07/2071
 
TOP OF THE 1ST
Miami Marlins batting - Pitching for Chicago White Sox : RHP Jonathan Ladd
Pitching: RHP Jonathan Ladd
Batting: LHB Marcos Enriquer 0-0: Ball
1-0: Ball
2-0: Ball
3-0: Called Strike
3-1: Base on Balls
Batting: LHB José Romero 0-0: Foul Ball, location: 3SF
0-1: Fielders Choice at 2nd, 5-4 (Groundball, 56, EV 83.8 MPH)
Batting: RHB Hidetsugu Fujii 0-0: Ball
1-0: Ball
2-0: Fly out, F7 (Flyball, 7D, EV 76.9 MPH)
Batting: RHB Michael Barnes 0-0: Ball
1-0: Ball
2-0: Ball
3-0: Base on Balls
José Romero to second
Batting: LHB Zak Tyack 0-0: SINGLE (Groundball, 4MD, EV 100.6 MPH)
José Romero to third
Michael Barnes to second
Runner from 3rd tries for Home, SAFE, throw by CF to home
Batting: RHB David Massey 0-0: Ball
1-0: Called Strike
1-1: Ball
2-1: Ball
3-1: Called Strike
3-2: Foul Ball, location: 2F
3-2: Strikes out swinging
Top of the 1st over - 1 run, 1 hit, 0 errors, 2 left on base; Miami 1 - Chicago 0
BOTTOM OF THE 1ST
Chicago White Sox batting - Pitching for Miami Marlins : LHP Todd Brown
Pitching: LHP Todd Brown
Batting: LHB John Mrazek 0-0: Bunted foul
0-1: Ball
1-1: Foul Ball, location: 7LMF
1-2: Ball
2-2: Ball
3-2: Foul Ball, location: 2F
3-2: Strikes out swinging
Batting: LHB Jesse Vega 0-0: DOUBLE (Line Drive, 78M, EV 93.8 MPH)
Batting: RHB Bernardo López 0-0: Ball
1-0: Fly out, F4 (Popup, 4, EV 63.8 MPH)
Batting: RHB Chris Bautis 0-0: Swinging Strike
0-1: Ball
1-1: Called Strike
1-2: Strikes out looking
Bottom of the 1st over - 0 runs, 1 hit, 0 errors, 1 left on base; Miami 1 - Chicago 0
TOP OF THE 2ND
Miami Marlins batting - Pitching for Chicago White Sox : RHP Jonathan Ladd
Batting: RHB Emiel Moree 0-0: SINGLE (Groundball, 6MD, EV 104.4 MPH)
Batting: LHB Javier Gonzáles 0-0: Ball
1-0: Fielders Choice at 2nd, 4-6 (Groundball, 4, EV 92.5 MPH)
Batting: RHB Mike Allen 0-0: Foul Ball, location: 2F
0-1: Ball
1-1: Grounds into double play, 6-4-3 (Groundball, 6, EV 81.9 MPH)
Top of the 2nd over - 0 runs, 1 hit, 0 errors, 0 left on base; Miami 1 - Chicago 0
BOTTOM OF THE 2ND
Chicago White Sox batting - Pitching for Miami Marlins : LHP Todd Brown
Batting: SHB Roberto Silva 0-0: Called Strike
0-1: Foul Ball, location: 3F
0-2: Foul Ball, location: 5F
0-2: SINGLE (Groundball, 34D, EV 101.9 MPH)
Batting: RHB Roberto Moelroy 0-0: Ball
1-0: Ball
2-0: Ball
Wild Pitch!
Roberto Silva to second
3-0: Base on Balls
Batting: LHB Ching-wei Lok 0-0: Called Strike
0-1: Ball
1-1: Foul Ball, location: 3DF
1-2: Ball
2-2: Strikes out swinging
Batting: LHB George Stewart 0-0: Ball
1-0: Ball
2-0: Called Strike
2-1: Swinging Strike
2-2: Strikes out looking
Batting: LHB Greg Milligan 0-0: Called Strike
0-1: Ball
1-1: SINGLE (Groundball, 6M, EV 84.4 MPH)
Roberto Silva to third
Roberto Moelroy to second
Runner from 3rd tries for Home, SAFE, throw by CF to home
Batting: LHB John Mrazek 0-0: Ball
1-0: Ground out 4-3 (Groundball, 4, EV 87.5 MPH)
Bottom of the 2nd over - 1 run, 2 hits, 0 errors, 2 left on base; Miami 1 - Chicago 1
TOP OF THE 3RD
Miami Marlins batting - Pitching for Chicago White Sox : RHP Jonathan Ladd
Batting: LHB Marcos Enriquer 0-0: Ball
1-0: Swinging Strike
1-1: Ground out 5-3 (Groundball, 6S, EV 67.5 MPH)
Batting: LHB José Romero 0-0: Ball
1-0: Foul Ball, location: 2F
1-1: DOUBLE (Line Drive, 89D, EV 100.6 MPH)
Batting: RHB Hidetsugu Fujii 0-0: Called Strike
0-1: Ball
1-1: 2-RUN HOME RUN (Flyball, 9D, EV 96.3 MPH), Distance : 370 ft
Batting: RHB Michael Barnes 0-0: Ball
1-0: Reached on error, E6 (Groundball, 6, EV 83.1 MPH)
Batting: LHB Zak Tyack 0-0: Ball
1-0: Swinging Strike
1-1: Swinging Strike
1-2: Foul Ball, location: 7LSF
1-2: Ball
2-2: Strikes out swinging
Batting: RHB David Massey 0-0: Ball
1-0: Foul Ball, location: 2F
1-1: Foul Ball, location: 3F
1-2: Ball
2-2: Ball
3-2: Fly out, F4 (Line Drive, 4, EV 70.6 MPH)
Top of the 3rd over - 2 runs, 2 hits, 1 error, 1 left on base; Miami 3 - Chicago 1
BOTTOM OF THE 3RD
Chicago White Sox batting - Pitching for Miami Marlins : LHP Todd Brown
Batting: LHB Jesse Vega 0-0: Ball
1-0: Foul Ball, location: 5SF
1-1: TRIPLE (Line Drive, 9LD, EV 104.4 MPH)
Batting: RHB Bernardo López 0-0: Ball
1-0: Called Strike
1-1: Called Strike
1-2: Strikes out swinging
Batting: RHB Chris Bautis 0-0: Called Strike
0-1: Ball
1-1: Swinging Strike
1-2: Foul Ball, location: 23FF
1-2: Ground out 6-3 (Groundball, 6, EV 86.9 MPH)
Jesse Vega scores
Batting: SHB Roberto Silva 0-0: Ball
1-0: Ball
2-0: Called Strike
2-1: SOLO HOME RUN (Flyball, 7D, EV 97.5 MPH), Distance : 368 ft
Batting: RHB Roberto Moelroy 0-0: Foul Ball, location: 3F
0-1: Foul Ball, location: 7LMFF
0-2: SOLO HOME RUN (Flyball, 89XD, EV 97.5 MPH), Distance : 393 ft
Batting: LHB Ching-wei Lok 0-0: Ball
1-0: Ball
2-0: Foul Ball, location: 3F
2-1: Foul Ball, location: 2F
2-2: Ground out 5-3 (Groundball, 5, EV 81.3 MPH)
Bottom of the 3rd over - 3 runs, 3 hits, 0 errors, 0 left on base; Miami 3 - Chicago 4
TOP OF THE 4TH
Miami Marlins batting - Pitching for Chicago White Sox : RHP Jonathan Ladd
Batting: RHB Emiel Moree 0-0: Ball
1-0: Ground out U3 (Groundball, 3S, EV 83.8 MPH)
Batting: LHB Javier Gonzáles 0-0: Ball
1-0: Ball
2-0: Called Strike
2-1: Called Strike
2-2: SINGLE (Groundball, 6M, EV 105.0 MPH) (infield hit)
Batting: RHB Mike Allen 0-0: Called Strike
Javier Gonzáles steals 2nd base
0-1: Ball
1-1: Ball
2-1: Foul Ball, location: 2F
2-2: Foul Ball, location: 2F
2-2: Ball
3-2: Ground out 5-3 (Groundball, 56S, EV 91.9 MPH)
Batting: LHB Marcos Enriquer 0-0: Ground out U3 (Groundball, 34, EV 99.4 MPH)
Top of the 4th over - 0 runs, 1 hit, 0 errors, 1 left on base; Miami 3 - Chicago 4
BOTTOM OF THE 4TH
Chicago White Sox batting - Pitching for Miami Marlins : LHP Todd Brown
Batting: LHB George Stewart 0-0: Ball
1-0: Ball
2-0: Swinging Strike
2-1: Swinging Strike
2-2: Strikes out swinging
Batting: LHB Greg Milligan 0-0: Ball
1-0: Called Strike
1-1: Ball
2-1: Foul Ball, location: 5F
2-2: Fly out, F8 (Flyball, 8LD, EV 98.1 MPH)
Batting: LHB John Mrazek 0-0: Foul Ball, location: 25F
0-1: Swinging Strike
0-2: Ball
1-2: Foul Ball, location: 23F
1-2: Foul Ball, location: 7LDF
1-2: Strikes out swinging
Bottom of the 4th over - 0 runs, 0 hits, 0 errors, 0 left on base; Miami 3 - Chicago 4
TOP OF THE 5TH
Miami Marlins batting - Pitching for Chicago White Sox : RHP Jonathan Ladd
Batting: LHB José Romero 0-0: Ground out 5-3 (Groundball, 56, EV 84.4 MPH)
Batting: RHB Hidetsugu Fujii 0-0: Foul Ball, location: 9LMF
0-1: Foul Ball, location: 2F
0-2: Ball
1-2: Strikes out swinging
Batting: RHB Michael Barnes 0-0: Ball
1-0: Called Strike
1-1: Called Strike
1-2: Ball
2-2: Foul Ball, location: 2F
2-2: Foul Ball, location: 5F
2-2: Foul Ball, location: 7LMFF
2-2: Foul Ball, location: 2F
2-2: Ball
3-2: Fly out, F8 (Flyball, 89S, EV 88.8 MPH)
Top of the 5th over - 0 runs, 0 hits, 0 errors, 0 left on base; Miami 3 - Chicago 4
BOTTOM OF THE 5TH
Chicago White Sox batting - Pitching for Miami Marlins : LHP Todd Brown
Batting: LHB Jesse Vega 0-0: Ball
1-0: Ball
2-0: Ball
3-0: Called Strike
3-1: Fly out, F4 (Popup, 4S, EV 74.4 MPH)
Pitching: LHP Pepe Elizondo
Batting: RHB Bernardo López 0-0: Foul Ball, location: 9LMF
0-1: Ball
1-1: Ball
2-1: Called Strike
2-2: Foul Ball, location: 2F
2-2: Strikes out swinging
Batting: RHB Chris Bautis 0-0: Called Strike
0-1: Swinging Strike
0-2: Strikes out looking
Bottom of the 5th over - 0 runs, 0 hits, 0 errors, 0 left on base; Miami 3 - Chicago 4
TOP OF THE 6TH
Miami Marlins batting - Pitching for Chicago White Sox : RHP Jonathan Ladd
Batting: LHB Zak Tyack 0-0: Ground out U3 (Groundball, 3, EV 82.5 MPH)
Batting: RHB David Massey 0-0: Swinging Strike
0-1: Swinging Strike
0-2: Strikes out swinging
Batting: RHB Emiel Moree 0-0: Ball
1-0: Foul Ball, location: 2F
1-1: Swinging Strike
1-2: Ball
2-2: SOLO HOME RUN (Line Drive, 78XD, EV 106.9 MPH), Distance : 406 ft
Batting: LHB Javier Gonzáles 0-0: Ball
1-0: Fly out, F6 (Line Drive, 6, EV 69.4 MPH)
Top of the 6th over - 1 run, 1 hit, 0 errors, 0 left on base; Miami 4 - Chicago 4
BOTTOM OF THE 6TH
Chicago White Sox batting - Pitching for Miami Marlins : LHP Pepe Elizondo
Batting: SHB Roberto Silva 0-0: Ball
1-0: Foul Ball, location: 9LSF
1-1: Ball
2-1: SOLO HOME RUN (Flyball, 7LD, EV 90.6 MPH), Distance : 351 ft
Batting: RHB Roberto Moelroy 0-0: Called Strike
0-1: Ground out 2-3 (Groundball, 2R, EV 70.0 MPH)
Batting: LHB Ching-wei Lok 0-0: SINGLE (Groundball, 4MD, EV 95.0 MPH)
Batting: LHB George Stewart 0-0: Ball
1-0: SINGLE (Line Drive, 89S, EV 105.6 MPH)
Ching-wei Lok to second
Batting: LHB Greg Milligan 0-0: Foul Ball, location: 9LSF
0-1: Ball
1-1: Fly out, F7 (Flyball, 7, EV 109.4 MPH)
Batting: LHB John Mrazek 0-0: Called Strike
0-1: Called Strike
0-2: Ball
1-2: Foul Ball, location: 23FF
1-2: Ball
2-2: Strikes out swinging
Bottom of the 6th over - 1 run, 3 hits, 0 errors, 2 left on base; Miami 4 - Chicago 5
TOP OF THE 7TH
Miami Marlins batting - Pitching for Chicago White Sox : RHP Jonathan Ladd
Pitching: RHP Glen O'Farrell
Batting: RHB Mike Allen 0-0: Ball
1-0: Foul Ball, location: 9LDF
1-1: Foul Ball, location: 5F
1-2: Foul Ball, location: 2F
1-2: Strikes out looking
Batting: LHB Marcos Enriquer 0-0: Ball
1-0: Foul Ball, location: 2RF
1-1: Ball
2-1: Fly out, F8 (Flyball, 8LD, EV 100.0 MPH)
Batting: LHB José Romero 0-0: Called Strike
0-1: Ball
1-1: Ball
2-1: Foul Ball, location: 2F
2-2: Ball
3-2: Strikes out looking
Top of the 7th over - 0 runs, 0 hits, 0 errors, 0 left on base; Miami 4 - Chicago 5
BOTTOM OF THE 7TH
Chicago White Sox batting - Pitching for Miami Marlins : LHP Pepe Elizondo
Pitching: RHP Randolph Waddington
Batting: LHB Jesse Vega 0-0: Ball
1-0: Foul Ball, location: 2F
1-1: Ball
2-1: Called Strike
2-2: Ball
3-2: Strikes out looking
Batting: RHB Bernardo López 0-0: Ground out 4-3 (Groundball, 4M, EV 106.3 MPH)
Batting: RHB Chris Bautis 0-0: SINGLE (Groundball, 6MS, EV 69.4 MPH) (infield hit)
Batting: SHB Roberto Silva 0-0: Ball
1-0: Ball
2-0: Foul Ball, location: 7LMF
2-1: Ball
3-1: Ground out 6-3 (Groundball, 6MS, EV 85.6 MPH)
Bottom of the 7th over - 0 runs, 1 hit, 0 errors, 1 left on base; Miami 4 - Chicago 5
TOP OF THE 8TH
Miami Marlins batting - Pitching for Chicago White Sox : RHP Glen O'Farrell
Batting: RHB Hidetsugu Fujii 0-0: Ball
1-0: Ball
2-0: Ball
3-0: Called Strike
3-1: Base on Balls
Pitching: RHP Rob Reynolds
Batting: RHB Michael Barnes 0-0: Foul Ball, location: 25FF
0-1: Ball
1-1: Fly out, F3 (Popup, 3SF, EV 82.5 MPH)
Batting: LHB Zak Tyack 0-0: Ball
Pickoff Throw to First - Error! E1
Hidetsugu Fujii to second
1-0: Ball
2-0: Ground out 3-1 (Groundball, 34, EV 83.8 MPH)
Hidetsugu Fujii to third
Batting: RHB David Massey 0-0: Ball
Wild Pitch!
Hidetsugu Fujii scores
1-0: Swinging Strike
1-1: SINGLE (Line Drive, 89M, EV 91.9 MPH)
Batting: RHB Emiel Moree 0-0: Ball
1-0: Foul Ball, location: 2F
1-1: 2-RUN HOME RUN (Flyball, 89XD, EV 104.4 MPH), Distance : 385 ft
Batting: LHB Javier Gonzáles 0-0: Swinging Strike
0-1: Ball
1-1: Ball
2-1: Swinging Strike
2-2: Foul Ball, location: 7LDF
2-2: Strikes out swinging
Top of the 8th over - 3 runs, 2 hits, 1 error, 0 left on base; Miami 7 - Chicago 5
BOTTOM OF THE 8TH
Chicago White Sox batting - Pitching for Miami Marlins : RHP Randolph Waddington
Batting: RHB Roberto Moelroy 0-0: SINGLE (Groundball, 6, EV 81.9 MPH)
Batting: LHB Ching-wei Lok 0-0: Ball
1-0: Foul Ball, location: 7LMF
1-1: Called Strike
1-2: Ball
2-2: Fly out, F6 (Popup, 6D, EV 53.1 MPH)
Batting: LHB George Stewart 0-0: Foul Ball, location: 2F
0-1: Ball
1-1: Ball
2-1: Foul Ball, location: 7LDF
2-2: Fly out, F8 (Flyball, 8LXD, EV 105.0 MPH)
Batting: LHB Greg Milligan 0-0: Ball
1-0: Ball
2-0: Ball
3-0: Called Strike
3-1: Base on Balls
Roberto Moelroy to second
Pitching: RHP Francis Norman
Pinch Runner at 2nd Paul McLean:
Batting: LHB John Mrazek 0-0: Ball
1-0: Called Strike
1-1: SINGLE (Line Drive, 7S, EV 109.4 MPH)
Paul McLean to third
Greg Milligan to second
Runner from 3rd tries for Home, throw by LF and OUT! 7-2
Bottom of the 8th over - 0 runs, 2 hits, 0 errors, 2 left on base; Miami 7 - Chicago 5
TOP OF THE 9TH
Miami Marlins batting - Pitching for Chicago White Sox : RHP Rob Reynolds
Now in CF: Paul McLean
Now in RF: John Mrazek
Batting: RHB Mike Allen 0-0: Ball
1-0: Ball
2-0: Ground out 5-3 (Groundball, 56S, EV 71.9 MPH)
Batting: LHB Marcos Enriquer 0-0: Ball
1-0: Foul Ball, location: 7LSF
1-1: SINGLE (Groundball, 6MD, EV 81.3 MPH) (infield hit)
Pitching: LHP Dwight Scott
Batting: LHB José Romero 0-0: Grounds into double play, 4-6-3 (Groundball, 4M, EV 103.1 MPH)
Top of the 9th over - 0 runs, 1 hit, 0 errors, 0 left on base; Miami 7 - Chicago 5
BOTTOM OF THE 9TH
Chicago White Sox batting - Pitching for Miami Marlins : RHP Francis Norman
Batting: LHB Jesse Vega 0-0: SINGLE (Line Drive, 78S, EV 105.6 MPH)
Pinch Hitting: LHB Doug Hanna 0-0: Ball
1-0: SINGLE (Flyball, 7LS, EV 87.5 MPH)
Jesse Vega to second
Pinch Hitting: LHB Júlio González 0-0: Foul Ball, location: 7LMF
0-1: Fly out, F7 (Flyball, 7, EV 91.3 MPH)
Batting: SHB Roberto Silva 0-0: Fielders Choice at 2nd, 6-4 (Groundball, 6M, EV 86.3 MPH)
Jesse Vega to third
Batting: LHB Paul McLean 0-0: Foul Ball, location: 5FF
0-1: Ball
1-1: Fly out, F9 (Line Drive, 89M, EV 104.4 MPH)
Bottom of the 9th over - 0 runs, 2 hits, 0 errors, 2 left on base; Miami 7 - Chicago 5
Saturday, April 20th , 2024 - OOTP Baseball 24.10 Build 82